 Dungeon Crawl Stone Soup version 0.14-a0-155-gd989017 (webtiles) character file.

227 Malachi the Sneak (level 4, 0/33 HPs)
             Began as a Vampire Assassin on Oct 4, 2013.
             Slain by an orc warrior
             ... wielding a +1,+2 orcish glaive
              (14 damage)
             ... on Level 6 of the Dungeon.
             The game lasted 00:02:39 (1836 turns).

Malachi the Sneak (Vampire Assassin)                Turns: 1836, Time: 00:02:40

HP   0/33        AC  3     Str 10      XL: 4   Next: 46%
MP   4/4         EV 12     Int 14      God:
Gold 127         SH  0     Dex 15      Spells:  0 memorised,  3 levels left

Res.Fire  : . . .   See Invis. : +   a - +2 dagger
Res.Cold  : + . .   Warding    : .   c - +0 robe
Life Prot.: + + .   Conserve   : .   (no shield)
Res.Poison: +       Res.Corr.  : .   (no helmet)
Res.Elec. : .       Clarity    : .   d - +0 cloak
Sust.Abil.: . .     Spirit.Shd : .   (no gloves)
Res.Mut.  : .       Stasis     : .   (no boots)
Res.Rott. : +       Flight     : .   (no amulet)
Saprovore : . . .                    (no ring)
                                     (no ring)

@: regenerating slowly, slightly resistant to hostile enchantments, very
stealthy
A: fangs 3, see invisible, unbreathing
a: Bat Form


You were on level 6 of the Dungeon.
You were thirsty.

You visited 1 branch of the dungeon, and saw 4 of its levels.

You collected 77 gold pieces.

Inventory:

Hand weapons
 a - a +2,+2 dagger (weapon)
 b - a +0 blowgun
Missiles
 e - 26 poisoned needles
 f - 2 curare-tipped needles
Armour
 c - a +0 robe (worn)
 d - a +0 cloak (worn)
Scrolls
 i - a scroll of fog {unknown}
 k - 4 scrolls of identify {unknown}
 l - 2 scrolls of remove curse {unknown}
 n - 3 scrolls of teleportation {unknown}
 o - a scroll of curse jewellery {unknown}
 p - 2 scrolls of recharging {unknown}
 r - a scroll of enchant weapon I {unknown}
 s - a scroll of curse weapon {unknown}
 t - a scroll of blinking {unknown}
 u - a scroll of amnesia {unknown}
Jewellery
 j - an uncursed amulet of faith {unknown}
Potions
 g - a potion of blood
 h - a potion of speed {unknown}
 m - 2 potions of curing {unknown}
 q - a potion of restore abilities {unknown}
 v - a potion of confusion {unknown}
 w - a potion of agility {unknown}
 x - a potion of berserk rage {unknown}


   Skills:
 + Level 2.1 Fighting
 * Level 3.0 Short Blades
 + Level 1.7 Throwing
 + Level 1.8 Dodging
 + Level 7.8 Stealth


You had 3 spell levels left.
You didn't know any spells.

Dungeon Overview and Level Annotations

Branches:
Dungeon (6/27)
 Temple: D:4-7          Orc: D:6-11

Altars:


Innate Abilities, Weirdness & Mutations

You heal slowly.
You have razor-sharp teeth.*
You have supernaturally acute eyesight.
You can survive without breathing.*


Message History

The orc warrior barely misses you.
The orc moves out of view.
The orc barely misses you.
You hit the orc.
The orc is moderately wounded.
The orc warrior barely misses you.
You hit the orc.
The orc is severely wounded.
The orc hits you.
The orc hits you with an orcish hand axe.
The orc warrior moves out of view.
The rat twitches its whiskers.
The orc misses you. The orc hits you but does no damage.
The orc barely misses you. The orc warrior barely misses you.
The orc barely misses you. The orc hits you but does no damage.
The orc warrior barely misses you.
An orc comes into view. It is wielding an orcish trident.
The orc hits you with an orcish hand axe.
The orc warrior hits you from afar with an orcish glaive!
You die...

#......#
#......######
#............
#....# ##...o#
#...### #ro.#
...######.o.#######
.....%..@.o........
...#######.########
.#######.####
.............#
.............#
..#######....#
#...## #...# #####


You could see an orc warrior, 3 orcs and a rat.

Vanquished Creatures
  6 adders
  2 giant geckos (D:1)
  An orc (D:3)
  A ball python (D:2)
  6 bats
  A giant cockroach (D:2)
  3 hobgoblins
  4 jackals
  A quokka (D:2)
  2 giant newts (D:2)
  6 goblins
  4 kobolds
  8 rats
45 creatures vanquished.

Notes
Turn   | Place    | Note
--------------------------------------------------------------
     0 | D:1      | Malachi, the Vampire Assassin, began the quest for the Orb.
     0 | D:1      | Reached XP level 1. HP: 15/15 MP: 1/1
    38 | D:1      | Reached skill level 6 in Stealth
   154 | D:1      | Reached XP level 2. HP: 21/21 MP: 2/2
   637 | D:2      | Reached skill level 7 in Stealth
   637 | D:2      | Reached XP level 3. HP: 13/26 MP: 3/3
  1268 | D:2      | Reached XP level 4. HP: 26/33 MP: 4/4
  1593 | D:3      | You fall through a shaft!
  1824 | D:6      | Noticed an orc warrior
  1836 | D:6      | Slain by an orc warrior

Action                   |  1- 3 |  4- 6 || total
-------------------------+-------+-------++-------
Melee: Dagger            |   105 |    48 ||   153
 Stab: Sleeping          |    10 |     1 ||    11
